 Dungeon Crawl Stone Soup version 0.30-a0-422-g946f4849ff (webtiles) character file.

Game seed: 14548949151389588037

56 McMuffin the Trooper (level 3, -1/33 HPs)
             Began as a Hill Orc Fighter on Dec 8, 2022.
             Slain by a gnoll
             ... wielding a +0 club
              (6 damage)
             ... on level 2 of the Dungeon.
             The game lasted 00:07:50 (936 turns).

McMuffin the Trooper (Hill Orc Fighter)              Turns: 936, Time: 00:07:51

Health: -1/33      AC:  6    Str: 20    XL:     3   Next: 95%
Magic:  1/3        EV:  9    Int:  8    God:
Gold:   133        SH:  4    Dex: 10    Spells: 1/2 levels left

rFire   . . .      SeeInvis .    i - +4 short sword
rCold   . . .      Faith    .    c - +0 buckler
rNeg    . . .      Spirit   .    b - +0 scale mail
rPois   .          Reflect  .    (no helmet)
rElec   .          Harm     .    (no cloak)
rCorr   .          Rampage  .    (no gloves)
Will    .....                    (no boots)
Stlth   ..........               (no amulet)
HPRegen 0.25/turn                m - ring of wizardry
MPRegen 0.08/turn                (no ring)

@: mighty
A: no striking features
a: no special abilities


You were on level 2 of the Dungeon.
You visited 1 branch of the dungeon, and saw 2 of its levels.

You collected 133 gold pieces.

Inventory:

Hand Weapons
 a - a +0 war axe
 i - a +4 short sword (weapon)
Missiles
 j - 6 poisoned darts
Armour
 b - a +0 scale mail (worn)
 c - a +0 buckler (worn)
 e - a +0 chain mail
Jewellery
 m - a ring of wizardry (left hand)
Scrolls
 f - 2 scrolls of identify {unknown}
 g - a scroll of blinking {unknown}
 k - a scroll of acquirement {unknown}
 l - a scroll of brand weapon {unknown}
 n - a scroll of amnesia {unknown}
Potions
 d - a potion of might
 h - a potion of curing {unknown}


   Skills:
 + Level 4.0 Fighting
 + Level 0.5 Short Blades
 + Level 3.1 Axes
 + Level 3.5 Armour
 + Level 4.0 Shields
 + Level 0.4 Spellcasting
 + Level 1.0 Earth Magic


You had one spell level left.
You knew the following spells:

 Your Spells              Type           Power      Damage    Failure   Level
a - Sandblast             Erth           2%         2d4       38%         1

Your spell library contained the following spells:

 Spells                   Type           Power      Damage    Failure   Level
 Apportation              Tloc           0%         N/A       50%         1
 Necrotise                Necr           0%         1d4       50%         1
 Summon Small Mammal      Summ           0%         N/A       50%         1
 Passwall                 Tmut/Erth      0%         N/A       56%         2
 Stone Arrow              Conj/Erth      0%         3d7       80%         3


Dungeon Overview and Level Annotations

Branches:
Dungeon (2/15)

Altars:


Message History

The blast of sand hits the gnoll.
The gnoll is moderately wounded.
Aiming: Sandblast (safe; 50% risk of failure)
Press: ? - help, Q - select action, (/) - cycle Shift-Dir - straight line, f/p - gnoll
Aim: a gnoll, wielding a +0 halberd (moderately wounded, 83% to hit)
You miscast Sandblast.
You are very lightly contaminated with residual magic.
Nothing appears to happen.
Aiming: Sandblast (safe; 50% risk of failure)
Press: ? - help, Q - select action, (/) - cycle Shift-Dir - straight line, f/p - gnoll
Aim: a gnoll, wielding a +0 halberd (moderately wounded, 83% to hit)
The blast of sand misses the gnoll.
The blast of sand hits the gnoll but does no damage.
The gnoll hits you from afar with a +0 halberd.
The gnoll hits you from afar with a +0 halberd!
The gnoll hits you with a +0 halberd.
You closely miss the gnoll.
The gnoll is moderately wounded.
The gnoll hits you with a +0 halberd.
You hit the gnoll.
The gnoll is heavily wounded.
The gnoll barely misses you.
You hit the gnoll.
The gnoll is severely wounded.
The gnoll closely misses you.
You hit the gnoll.
The gnoll is almost dead.
The gnoll hits you with a +0 halberd.
Your magical contamination has completely faded away.
You hit the gnoll.
You kill the gnoll!
Your Earth Magic skill increases to level 1!
Okay, then.
You feel very mighty all of a sudden. The gnoll hits you with a +0 club.
* * * LOW HITPOINT WARNING * * *
You closely miss the gnoll. The gnoll hits you with a +0 club.
* * * LOW HITPOINT WARNING * * *
You barely miss the gnoll. The gnoll hits you with a +0 club.
You die...

#########
##########.......#
#...gg@.##.#####.#
#.#####.##.#####.#
####.#.....##.#
#.......##.##.####
#.##.##.##.....<.#
#
#.##.......##.###
..###########.>..
#### #####


You could see 2 gnolls.

Vanquished Creatures
  2 adders (D:2)
  A gnoll (D:2)
  A worm (D:2)
  A dart slug (D:1)
  2 endoplasms (D:1)
  2 goblins (D:2)
  5 hobgoblins
  A ball python (D:2)
  2 bats (D:2)
  A frilled lizard (D:2)
  5 kobolds
  3 rats
26 creatures vanquished.

Vanquished Creatures (others)
  A demonic plant (D:1)
  3 fungi (D:1)
  A withered plant (D:1)
5 creatures vanquished.

Grand Total: 31 creatures vanquished

Notes
Turn   | Place    | Note
-------+----------+-------------------------------------------
     0 | D:1      | McMuffin the Hill Orc Fighter began the quest for the Orb.
     0 | D:1      | Reached XP level 1. HP: 19/19 MP: 1/1
   135 | D:1      | Reached XP level 2. HP: 27/27 MP: 2/2
   281 | D:1      | Found a faded altar of an unknown god.
   331 | D:1      | Learned a level 1 spell: Sandblast
   659 | D:2      | Reached XP level 3. HP: 31/33 MP: 3/3
   934 | D:2      | Reached skill level 1 in Earth Magic
   936 | D:2      | Slain by a gnoll

Illustrated notes

Levels and vault maps discovered:
D:1:      spicycebolla_arrival_xxxplode, layout_basic,
          shapermc_ecumenical_altar_gd, minmay_misc_feat_more_columns
D:2:      layout_loops_cross

Skill      XL: |  1  2  3 |
---------------+----------+-----
Axes           | 3 |  3.1
Fighting       | 4 |  4.0
Shields        | 4 |  4.0
Earth Magic    | 1 |  1.0
Short Blades   | |  0.5
Armour         | |  3.5
Spellcasting   | |  0.4

Action                   || total
-------------------------++-------
Melee: War axe           ||    33
       Short sword       ||    36
 Cast: Sandblast         ||     4
  Use: Potion            ||     1
Armor: Chain mail        ||     6
       Scale mail        ||    24
Dodge: Dodged            ||    28
Block: Buckler           ||     8

Table legend: (Time is in decaauts)
 A = Elapsed time spent in this place.
 B = Non-inter-level travel time spent in this place.
 C = Inter-level travel time spent in this place.
 D = Time resting spent in this place.
 E = Time spent auto-exploring this place.
 F = Levels seen in this place.
 G = Mean time per level.
                   A        B        C        D        E       F      G
               +--------+--------+--------+--------+--------+-----+--------+
         Total |    949 |    949 |      0 |      0 |      0 |   2 |  474.5 |
       Dungeon |    949 |    949 |      0 |      0 |      0 |   2 |  474.5 |
               +--------+--------+--------+--------+--------+-----+--------+

Top non-repeatable levels by time:
     D:2: 488 daAuts
     D:1: 461 daAuts
